 Dungeon Sprint DCSS version 0.27-a0-695-gb4952372f7 (webtiles) character file.

Game seed: 13997552089719073653

10790 mhtbhm the Severer (level 11, -4/166 HPs)
             Began as a Minotaur Fighter on Mar 21, 2021.
             Was the Champion of Trog.
             Slain by a Killer Klown
             ... wielding a +8 vorpal club
              (11 damage)
             ... in the Dungeon (Sprint VII: "The Pits").
             The game lasted 00:02:56 (2019 turns).

mhtbhm the Severer (Minotaur Fighter)               Turns: 2019, Time: 00:02:57

Health: -4/166     AC: 16    Str: 27    XL:     11   Next: 40%
Magic:  10/10      EV: 16    Int:  5    God:    Trog [******]
Gold:   0          SH: 14    Dex: 10    Spells: 10/10 levels left

rFire    . . .     SeeInvis .   a - +5 broad axe (vorpal)
rCold    . . .     Faith    .   c - +0 kite shield
rNeg     . . .     Spirit   .   b - +4 scale mail
rPois    .         Reflect  .   (helmet restricted)
rElec    .         Harm     .   o - +0 cloak
rCorr    .         Rampage  .   (no gloves)
Will     .....     NoTele   +   p - +0 pair of boots
Stlth    ..........             (no amulet)
HPRegen  0.37/turn              d - +3 ring of strength
MPRegen  0.12/turn              m - +3 ring of evasion

@: berserking, very quick
A: horns 2, retaliatory headbutt
a: Renounce Religion, Berserk, Trog's Hand, Brothers in Arms


You were in the Dungeon.
You worshipped Trog.
Trog was exalted by your worship.
You visited 1 branch

Inventory:

Hand Weapons
 a - a +5 vorpal broad axe (weapon)
Armour
 b - a +4 scale mail (worn)
 c - a +0 kite shield (worn)
 o - a +0 cloak (worn)
 p - a +0 pair of boots (worn)
Jewellery
 d - a +3 ring of strength (right hand)
 m - a +3 ring of evasion (left hand)
Scrolls
 j - a scroll of blinking
 l - a scroll of summoning
Potions
 e - 12 potions of curing
 f - 7 potions of heal wounds
 g - a potion of haste
 h - 4 potions of magic
 i - 4 potions of berserk rage
 k - 2 potions of invisibility
 n - a potion of mutation


   Skills:
 + Level 14.9 Fighting
 + Level 19.7 Axes
 + Level 13.5 Armour
 + Level 7.8 Dodging
 + Level 2.0 Stealth
 + Level 15.0 Shields


You had 10 spell levels left.
You didn't know any spells.
Your spell library was empty.

Dungeon Overview and Level Annotations

Branches:
Dungeon (1/1)

Altars:
Ashenzari
Cheibriados
Dithmenos
Elyvilon
Fedhas
Gozag
Hepliaklqana
Kikubaaqudgha
Makhleb
Nemelex Xobeh
Okawaru
Qazlal
Ru
Sif Muna
Trog
Uskayaw
Vehumet
Wu Jian
Xom
Yredelemnul
Zin
The Shining One
Beogh
Jiyva
Lugonu


Innate Abilities, Weirdness & Mutations

You have a pair of horns on your head.
You reflexively headbutt those who attack you in melee.


Message History

You slice the Killer Klown!!
The Killer Klown is severely wounded.
The Killer Klown misses you.
You slash the Killer Klown!
The Killer Klown is severely wounded.
The Killer Klown trip-wires you with a +8 vorpal club.
You slice the Killer Klown!!
The Killer Klown is almost dead.
You block the Killer Klown's attack.
You closely miss the Killer Klown. Your headbutt misses the Killer Klown.
The Killer Klown is almost dead.
The Killer Klown sucker-punches you with a +8 vorpal club!!
* * * LOW HITPOINT WARNING * * *
x2 You are too injured to fight recklessly!
You are too injured to fight recklessly!
You are too injured to fight recklessly!
You are too injured to fight recklessly!
You are too injured to fight recklessly!
You are too injured to fight recklessly!
You are too injured to fight recklessly!
You are too injured to fight recklessly!
You are too injured to fight recklessly!
You are too injured to fight recklessly!
You are too injured to fight recklessly!
You are too injured to fight recklessly!
You are too injured to fight recklessly!
You are too injured to fight recklessly!
You are too injured to fight recklessly!
A red film seems to cover your vision as you go berserk!
You feel yourself moving faster!
You feel mighty!
The Killer Klown eye-gouges you with a +8 vorpal club!
* * * LOW HITPOINT WARNING * * *
x2 You miss the Killer Klown.
Your headbutt misses the Killer Klown.
The Killer Klown is almost dead.
The Killer Klown kneecaps you with a +8 vorpal club!
* * * LOW HITPOINT WARNING * * *
x2 You closely miss the Killer Klown.
The Killer Klown is almost dead.
The Killer Klown tickles you with a +8 vorpal club!
You die...

#+# #.# #p#
################@#
†.†............))#
.)†............).#
+##############).#
#..# #..# #..#
#..# #..#


You could see a Killer Klown.

Vanquished Creatures
  An eidolon (D)
  An ice dragon (D)
  5 death yaks (D)
  2 deep elf knights (D)
  A sea snake (D)
  A deep elf zephyrmancer (D)
  2 deep elf pyromancers (D)
  A manticore (D)
  An elephant (D)
  A gargoyle (D)
  A freezing wraith (D)
  An ice devil (D)
  A flying skull (D)
  A tarantella (D)
  3 yaks (D)
  A water moccasin (D)
  A soldier ant (D)
  5 wolves (D)
  A kobold brigand (D)
  3 gnoll sergeants (D)
  An orc priest (D)
  An iguana (D)
  An orc wizard (D)
  13 gnolls (D)
  An adder (D)
  A river rat (D)
  2 leopard geckos (D)
  2 orcs (D)
  3 ball pythons (D)
  A bat skeleton (D)
  A giant cockroach (D)
  A quokka (D)
  A leopard gecko skeleton (D)
  2 rats (D)
65 creatures vanquished.

Notes
Turn   | Place    | Note
-------+----------+-------------------------------------------
     0 | D        | mhtbhm the Minotaur Fighter began the quest for the Orb.
     0 | D        | Reached XP level 1. HP: 19/19 MP: 0/0
    18 | D        | Found a bloodstained altar of Trog.
    18 | D        | Found a shimmering blue altar of Sif Muna.
    18 | D        | Found a viscous altar of Jiyva.
    18 | D        | Found a hazy altar of Hepliaklqana.
    18 | D        | Found an opulent altar of Gozag.
    19 | D        | Found a glowing golden altar of the Shining One.
    19 | D        | Found a glowing silver altar of Zin.
    19 | D        | Found a basalt altar of Yredelemnul.
    19 | D        | Found a shimmering altar of Xom.
    19 | D        | Found an ornate altar of the Wu Jian Council.
    19 | D        | Found a sacrificial altar of Ru.
    19 | D        | Found a stormy altar of Qazlal.
    19 | D        | Found an iron altar of Okawaru.
    19 | D        | Found a sparkling altar of Nemelex Xobeh.
    19 | D        | Found a burning altar of Makhleb.
    19 | D        | Found a blossoming altar of Fedhas.
    19 | D        | Found a white marble altar of Elyvilon.
    19 | D        | Found a shadowy altar of Dithmenos.
    19 | D        | Found a snail-covered altar of Cheibriados.
    21 | D        | Found a radiant altar of Vehumet.
    21 | D        | Found a corrupted altar of Lugonu.
    23 | D        | Became a worshipper of Trog the Wrathful
   172 | D        | Reached * piety under Trog
   173 | D        | Reached skill level 3 in Axes
   173 | D        | Reached XP level 2. HP: 27/28 MP: 1/1
   179 | D        | Noticed a gnoll sergeant
   186 | D        | Reached ** piety under Trog
   187 | D        | Reached skill level 5 in Fighting
   189 | D        | Reached skill level 5 in Armour
   189 | D        | Reached skill level 5 in Shields
   191 | D        | Reached XP level 3. HP: 36/36 MP: 2/2
   193 | D        | Reached *** piety under Trog
   194 | D        | Reached skill level 4 in Axes
   197 | D        | Killed a gnoll sergeant
   198 | D        | Reached skill level 5 in Axes
   198 | D        | Reached skill level 1 in Dodging
   198 | D        | Reached XP level 4. HP: 40/47 MP: 3/3
   359 | D        | Noticed a gnoll sergeant
   368 | D        | Reached **** piety under Trog
   369 | D        | Reached XP level 5. HP: 31/52 MP: 4/4
   370 | D        | Reached skill level 6 in Axes
   371 | D        | Reached ***** piety under Trog
   377 | D        | Received a gift from Trog
   387 | D        | Reached skill level 7 in Axes
   387 | D        | Reached XP level 6. HP: 15/62 MP: 5/5
   403 | D        | Noticed a water moccasin
   404 | D        | Killed a water moccasin
   405 | D        | Reached skill level 8 in Axes
   407 | D        | Noticed a manticore
   410 | D        | Killed a manticore
   411 | D        | Reached skill level 10 in Fighting
   411 | D        | Reached skill level 10 in Axes
   411 | D        | Reached skill level 10 in Armour
   411 | D        | Reached skill level 10 in Shields
   411 | D        | Reached XP level 7. HP: 18/72 MP: 6/6
   656 | D        | Noticed a flying skull
   672 | D        | Killed a flying skull
   678 | D        | Reached XP level 8. HP: 70/79 MP: 7/7
   816 | D        | Noticed an ice devil
   820 | D        | Received a gift from Trog
   821 | D        | Reached skill level 11 in Axes
   822 | D        | Killed an ice devil
   833 | D        | Reached skill level 12 in Axes
  1014 | D        | Found a hide-covered altar of Uskayaw.
  1014 | D        | Found an ancient bone altar of Kikubaaqudgha.
  1014 | D        | Found a broken altar of Ashenzari.
  1042 | D        | Noticed an elephant
  1045 | D        | Reached ****** piety under Trog
  1048 | D        | Killed an elephant
  1048 | D        | Received a gift from Trog
  1127 | D        | Noticed an eidolon
  1133 | D        | Reached skill level 13 in Axes
  1133 | D        | Reached skill level 5 in Dodging
  1133 | D        | Reached XP level 9. HP: 89/89 MP: 8/8
  1133 | D        | Killed an eidolon
  1134 | D        | Reached skill level 14 in Axes
  1138 | D        | Reached skill level 15 in Axes
  1264 | D        | Noticed an ice dragon
  1272 | D        | Received a gift from Trog
  1277 | D        | Killed an ice dragon
  1278 | D        | Reached skill level 16 in Axes
  1278 | D        | Reached skill level 1 in Stealth
  1278 | D        | Reached XP level 10. HP: 10/100 MP: 9/9
  1632 | D        | Noticed a death yak
  1634 | D        | Noticed a death yak
  1635 | D        | Noticed a death yak
  1635 | D        | Noticed a death yak
  1636 | D        | Noticed a death yak
  1639 | D        | Killed a death yak
  1645 | D        | Killed a death yak
  1646 | D        | Reached skill level 17 in Axes
  1650 | D        | Killed a death yak
  1650 | D        | Received a gift from Trog
  1651 | D        | Killed a death yak
  1652 | D        | Reached skill level 18 in Axes
  1653 | D        | Killed a death yak
  1693 | D        | Noticed a deep elf pyromancer
  1694 | D        | Noticed a gargoyle
  1694 | D        | Noticed a deep elf knight
  1694 | D        | Noticed a deep elf pyromancer
  1694 | D        | Noticed a deep elf zephyrmancer
  1694 | D        | Noticed a deep elf knight
  1694 | D        | Noticed a sea snake
  1697 | D        | Killed a deep elf pyromancer
  1698 | D        | Reached XP level 11. HP: 110/110 MP: 10/10
  1701 | D        | Killed a deep elf zephyrmancer
  1704 | D        | Killed a deep elf pyromancer
  1704 | D        | Killed a deep elf knight
  1705 | D        | Reached skill level 19 in Axes
  1706 | D        | Killed a sea snake
  1706 | D        | Received a gift from Trog
  1710 | D        | Killed a deep elf knight
  1711 | D        | Reached skill level 15 in Shields
  2003 | D        | Noticed a Killer Klown
  2018 | D        | HP: 6/166 [Killer Klown/+8 vorpal club (6)]
  2019 | D        | Slain by a Killer Klown

Illustrated notes

Levels and vault maps discovered:
D:        pitsprint [storerooms_1, entrance_room_1, metal_vault_2, armoury_3,
          mini_pit_1, grid_room_1, main_hall_1, silver_pit, the_coven_3,
          the_vestibule_1, steel_vault_3, golden_pit, hallway_of_sentries,
          crystal_vault_5, iron_vault_3, final_vault]

Skill      XL: |  1  2  3  4  5  6  7  8  9 10 11 |
---------------+----------------------------------+-----
Fighting       | 4 5 7 8 10 11 12 14 | 14.9
Armour         | 4 5 7 8 10 11 12 13 | 13.5
Shields        | 4 5 6 8 10 11 13 14 15 | 15.0
Axes           | 3 5 7 10 13 16 18 19 | 19.7
Dodging        | 1 2 3 4 5 6 7 |  7.8
Stealth        | 1 2 |  2.0

Action                   |  1- 3 |  4- 6 |  7- 9 | 10-12 || total
-------------------------+-------+-------+-------+-------++-------
Melee: Hand axe          |    23 |    19 |       |       ||    42
       War axe           |     1 |       |       |       ||     1
       Headbutt          |     2 |     1 |    13 |    13 ||    29
       Broad axe         |       |     4 |    57 |    44 ||   105
Invok: Berserk           |     1 |     1 |     3 |     3 ||     8
  Use: Potion            |       |     2 |       |       ||     2
Armor: Scale mail        |     3 |       |     8 |     6 ||    17
       Plate armour      |       |    22 |     8 |       ||    30
Dodge: Dodged            |     6 |     9 |    31 |    11 ||    57
Block: Kite shield       |    26 |    20 |    42 |    18 ||   106

Table legend: (Time is in decaauts)
 A = Elapsed time spent in this place.
 B = Non-inter-level travel time spent in this place.
 C = Inter-level travel time spent in this place.
 D = Time resting spent in this place.
 E = Time spent auto-exploring this place.
 F = Levels seen in this place.
 G = Mean time per level.
                   A        B        C        D        E       F      G
               +--------+--------+--------+--------+--------+-----+--------+
         Total |   2073 |   2073 |      0 |   1412 |    153 |   1 | 2073.0 |
       Dungeon |   2073 |   2073 |      0 |   1412 |    153 |   1 | 2073.0 |
               +--------+--------+--------+--------+--------+-----+--------+

Top non-repeatable levels by time:
       D: 2073 daAuts
